 Dungeon Crawl Stone Soup version 0.22-a0-283-g1871b15 (webtiles) character file.

119177 ryw the Spry (level 16, -1/122 HPs)
             Began as a Vampire Assassin on Mar 20, 2018.
             Was the Champion of Dithmenos.
             Slain by a wolf spider (10 damage)
             ... on level 4 of the Spider Nest.
             The game lasted 02:22:48 (45121 turns).

ryw the Spry (Vampire Assassin)                    Turns: 45121, Time: 02:22:49

Health: -1/122     AC: -9    Str: 10    XL:     16   Next: 27%
Magic:  0/21       EV: 13    Int: 16    God:    Dithmenos [******]
Gold:   351        SH:  0    Dex: 20    Spells: 19/19 levels left

rFire    . . .     SeeInvis +   a - +6 dagger (elec)
rCold    . . .     Gourm    .   l - +0 shield {reflect}
rNeg     + . .     Faith    .   A - +4 ring mail of Peek-a-Boo {rElec SInv}
rPois    +         Spirit   +   X - +0 helmet "Udweiluse" {Slay+3} (curse)
rElec    +         Reflect  +   e - +2 cloak
rCorr    .         Harm     .   J - +0 pair of gloves
MR       +....                  W - +0 pair of boots
Stlth    +++++++++.             B - amulet of guardian spirit
HPRegen  0.30/turn              K - ring of poison resistance
MPRegen  0.17/turn              y - +3 ring of evasion

@: lethally poisoned (-1 -> -2), about to teleport, corroded, held, wreathed by
umbra
A: fangs 3, see invisible, wild magic 1, unbreathing
a: Bat Form, Shadow Step, Shadow Form, Renounce Religion


You were on level 4 of the Spider Nest.
You worshipped Dithmenos.
Dithmenos was exalted by your worship.
You were not thirsty.

You visited 6 branches of the dungeon, and saw 27 of its levels.

You collected 2671 gold pieces.
You spent 2320 gold pieces at shops.

Inventory:

Hand Weapons
 a - a +6 dagger of electrocution (weapon)
   (You took it off a goblin on level 3 of the Dungeon)
 b - a +0 blowgun
 c - a +1 demon whip of venom
   (You took it off Asterion on level 1 of the Spider Nest)
 t - a +2 demon trident of electrocution
   (You took it off Donald on level 1 of the Orcish Mines)
Missiles
 f - 2 curare-tipped needles {!f}
 j - 765 stones
 n - 94 poisoned needles
 N - 21 tomahawks
Armour
 e - a +2 cloak (worn)
   (You found it on level 11 of the Dungeon)
 g - a scarf of spirit shield
   (You found it on level 2 of the Orcish Mines)
 l - a +0 shield of reflection (worn)
   (You took it off Donald on level 1 of the Orcish Mines)
 A - the +4 ring mail of Peek-a-Boo (worn) {rElec SInv}
   (You found it on level 7 of the Dungeon)

   It insulates you from electricity.
   It lets you see invisible.
 J - a +0 pair of gloves (worn)
   (You found it on level 7 of the Dungeon)
 L - a scarf of spirit shield
   (You found it on level 2 of the Lair of Beasts)
 R - a +2 large shield
   (You found it on level 3 of the Spider Nest)
 W - a +0 pair of boots (worn)
   (You found it on level 10 of the Dungeon)
 X - the cursed +0 helmet "Udweiluse" (worn) {Slay+3}
   (You bought it in a shop on level 2 of the Dungeon)

   It affects your accuracy and damage with ranged weapons and melee attacks
   (+3).
   It has a curse placed upon it.
Jewellery
 h - an uncursed ring of stealth
   (You found it on level 1 of the Dungeon)
 m - an uncursed ring of resist corrosion
   (You found it on level 2 of the Dungeon)
 s - a +3 ring of protection
   (You found it on level 4 of the Dungeon)
 y - a +3 ring of evasion (right hand)
   (You found it on level 4 of the Dungeon)
 B - an amulet of guardian spirit (around neck)
   (You took it off an orc priest on level 5 of the Dungeon)
 C - a +5 ring of strength
   (You took it off an orc on level 6 of the Dungeon)
 E - an uncursed ring of magical power
   (You found it on level 5 of the Lair of Beasts)
 K - a ring of poison resistance (left hand)
   (You found it on level 8 of the Dungeon)
 U - an uncursed ring of wizardry
   (You found it on level 2 of the Lair of Beasts)
Wands
 u - a wand of paralysis (16)
   (You took it off an orc on level 9 of the Dungeon)
 v - a wand of digging (26)
   (You found it on level 5 of the Dungeon)
 x - a wand of acid (5)
   (You found it on level 2 of the Lair of Beasts)
 F - a wand of enslavement (33)
   (You took it off Maurice on level 9 of the Dungeon)
 O - a wand of polymorph (31)
   (You found it on level 9 of the Dungeon)
Scrolls
 i - a scroll of teleportation {@r4}
 o - 5 scrolls of magic mapping
 p - a scroll of enchant weapon
 r - 10 scrolls of remove curse {@r2}
 w - a scroll of identify {@r1}
 z - 4 scrolls of fog
 G - 2 scrolls of holy word {!r}
 I - 3 scrolls of blinking
 V - a scroll of fear
Potions
 d - 2 potions of cancellation
 q - 7 potions of blood {@q0}
 D - 2 potions of agility
 H - 2 potions of curing {@q1}
 M - 3 potions of resistance
 P - 4 potions of haste {@q3}
 Q - 3 potions of magic
 T - a potion of ambrosia {unknown}


   Skills:
 - Level 10.1 Fighting
 - Level 10.0 Short Blades
 - Level 1.5 Throwing
 - Level 8.0 Armour
 - Level 16.2 Dodging
 - Level 15.1 Stealth
 + Level 13.5 Shields
 - Level 2.0 Spellcasting
 - Level 6.9 Invocations


You had 19 spell levels left.
You didn't know any spells.

Dungeon Overview and Level Annotations

Branches:
Dungeon (13/15)            Temple (1/1) D:6            Lair (6/6) D:8
 Shoals (1/4) Lair:2       Spider (4/4) Lair:2        Slime (0/5) Lair:6
    Orc (2/2) D:10            Elf (0/3) Orc:2
 Vaults: D:13-14

Altars:
Ashenzari
Cheibriados
Dithmenos
Elyvilon
Fedhas
Gozag
Hepliaklqana
Kikubaaqudgha
Makhleb
Nemelex Xobeh
Okawaru
Qazlal
Ru
Sif Muna
Trog
Uskayaw
Vehumet
Wu Jian
Xom
Yredelemnul
Zin
The Shining One
Beogh

Shops:
D:2 *   D:4 }   D:6 }   D:12 (   Orc:2 }[!}

Annotations:
Lair:2 Josephine
Lair:4 exclusion: 3 oklob plants
Spider:1 2 transporters


Innate Abilities, Weirdness & Mutations

You have razor-sharp teeth.
You have supernaturally acute eyesight. (SInv)
You can survive without breathing.
Your spells are a little harder to cast, but a little more powerful.


Message History

* * * LOW HITPOINT WARNING * * *
The wolf spider bites you!
* * * LOW HITPOINT WARNING * * *
You block the jumping spider's attack. The jumping spider closely misses you.
The entropy weaver casts a spell.
The entropic weave corrodes you! The jumping spider misses you.
The jumping spider completely misses you.
You block the wolf spider's attack. x2
You climb downwards.
You feel a wave of frost pass over you.
There is an entrance to an ice cave on this level.
Hurry and find it before the portal melts! 3 jumping spiders and 3 redbacks come into view.
You found a web!
You feel sick.
There is a stone staircase leading up here.
The helpless jumping spider fails to defend itself.
You skewer the jumping spider like a kebab!!!!
Lightning courses through the jumping spider!
You kill the jumping spider!
Dithmenos accepts your kill. You block the jumping spider's attack.
The jumping spider misses you. The wolf spider closely misses you.
The wolf spider barely misses you.
You feel sick. You block the redback's attack.
The jumping spider completely misses you.
The jumping spider closely misses you. The redback barely misses you.
You see here a jumping spider corpse.
You hit the redback but do no damage. Lightning courses through the redback!
Your shadow hits the redback but does no damage.
The jumping spider misses you.
The jumping spider completely misses you.
The wolf spider completely misses you. You block the wolf spider's attack.
The redback misses you.
You found a web!
You feel sick. You block the jumping spider's attack.
The jumping spider closely misses you. You block the redback's attack.
The jumping spider pounces on you!
* * * LOW HITPOINT WARNING * * *
The jumping spider closely misses you.
You are caught in the web!
You feel sick. The redback bites you!!
* * * LOW HITPOINT WARNING * * *
There is a web, spattered with blood here.
You feel much better.
The jumping spider hisses angrily. x2
The jumping spider leaps!
As you read the scroll of teleportation {@r4}, it crumbles to dust.
You feel strangely unstable.
You feel sick. The wolf spider hits you!
* * * LOW HITPOINT WARNING * * *
The wolf spider misses you. The redback bites you!
* * * LOW HITPOINT WARNING * * *
The jumping spider leaps!
The wolf spider barely misses you. The wolf spider bites you!
You die...

### #.##
##s.#
#@ss##
##s§<#
###ss..#
##....#
##§....
...s.
####


You could see a wolf spider, 2 jumping spiders and 3 redbacks.

Vanquished Creatures
  Asterion (Spider:1)
  Gastronok (Lair:1)
  Frances (Shoals:1)
  Donald (Orc:1)
  A ghost moth (Spider:1)
  2 emperor scorpions
  An orc warlord (Orc:1)
  4 entropy weavers
  Azrael (Orc:2)
  A spark wasp (Spider:2)
  Snorg (Lair:4)
  An ice dragon (Lair:5)
  3 vault guards (D:13)
  5 hydras
  An anaconda (Lair:6)
  6 two-headed ogres
  A merfolk aquamancer (Lair:2)
  An ogre mage (Orc:1)
  6 death yaks
  6 orc high priests
  2 unseen horrors
  5 harpies (Shoals:1)
  2 orc knights (Orc:1)
  9 deep elf magi
  10 orb spiders
  A cyclops (D:11)
  An orc sorcerer (Orc:1)
  17 wolf spiders
  2 oklob plants
  11 elephants
  4 black mambas
  A merfolk siren (Shoals:1)
  Maurice (D:9)
  13 spiny frogs
  A rime drake (Lair:3)
  5 komodo dragons
  6 demonic crawlers
  2 trolls
  19 jumping spiders
  5 hornets
  2 merfolk
  11 polar bears
  A wind drake (Shoals:1)
  A queen bee (D:11)
  8 blink frogs
  6 slime creatures (D:12)
  14 hippogriffs
  2 snapping turtles (Lair:2)
  A meliai zombie (D:10)
  7 spriggans
  2 water elementals (Lair:2)
  4 wyverns
  18 tarantellas
  27 redbacks
  5 wraiths
  3 fire elementals
  29 yaks
  2 basilisks
  5 vampire mosquitoes (D:13)
  Menkaure (D:6)
  17 wargs
  19 hell hounds
  A soldier ant (Spider:3)
  12 water moccasins
  8 porcupines
  Duvessa (D:5)
  18 orc warriors
  2 phantoms
  The ghost of skwerlee the Chopper, an amateur HOFi (D:3)
  15 black bears
  5 ice beasts
  A necrophage (D:10)
  2 sky beasts
  26 wolves
  3 boggarts (D:13)
  6 centaurs
  13 ogres
  6 crocodiles
  4 big kobolds
  11 bullfrogs
  A water moccasin skeleton (D:5)
  Dowan (D:5)
  7 scorpions
  36 killer bees
  3 wights (D:12)
  4 electric eels
  3 howler monkeys (D:10)
  8 crimson imps
  2 centaur zombies
  7 jellies
  A lava snake (Lair:6)
  3 quasits
  2 bullfrog zombies
  22 orc wizards
  39 orc priests
  Crazy Yiuf (D:4)
  3 centaur skeletons
  13 hounds
  A bullfrog skeleton (D:9)
  Natasha (D:3)
  4 iguanas
  11 worker ants
  2 hound zombies
  12 gnolls
  2 howler monkey skeletons
  20 adders
  A shadow imp (D:5)
  3 white imps (Lair:5)
  3 oozes
  An adder skeleton (D:10)
  3 worms
  3 dart slugs
  A leopard gecko (D:5)
  99 orcs
  6 giant cockroaches
  10 goblins
  9 hobgoblins
  4 jackals (D:2)
  4 quokkas
  8 ball pythons
  2 ball python skeletons
  11 bats
  7 frilled lizards
  22 kobolds
  A leopard gecko skeleton (D:4)
  A quokka skeleton (D:5)
  6 rats
  A bush (Lair:3)
897 creatures vanquished.

Vanquished Creatures (others)
  A two-headed ogre (Orc:1)
  An orc sorcerer (Orc:1)
  An orb spider (Spider:1)
  An orc priest (Orc:2)
  An orc (Orc:2)
  4 bushes (Lair:3)
  10 fungi
  29 plants
48 creatures vanquished.

Grand Total: 945 creatures vanquished

Notes
Turn   | Place    | Note
-------+----------+-------------------------------------------
     0 | D:1      | ryw the Vampire Assassin began the quest for the Orb.
     0 | D:1      | Reached XP level 1. HP: 16/16 MP: 1/1
   130 | D:1      | Reached XP level 2. HP: 21/22 MP: 2/2
   361 | D:1      | Reached skill level 2 in Dodging
  1105 | D:2      | Reached XP level 3. HP: 27/27 MP: 3/3
  1338 | D:2      | Found an opulent altar of Gozag.
  1341 | D:2      | Found Gozag's Platinum Reserve.
  1407 | D:2      | Reached skill level 3 in Dodging
  1809 | D:2      | Reached XP level 4. HP: 34/34 MP: 4/4
  2435 | D:3      | Noticed Natasha
  2672 | D:3      | Noticed skwerlee's ghost (amateur HOFi)
  2888 | D:4      | Found a runed door.
  2976 | D:4      | Noticed a phantom
  2988 | D:5      | Entered Level 5 of the Dungeon
  3768 | D:3      | Reached skill level 4 in Dodging
  3768 | D:3      | Reached XP level 5. HP: 40/40 MP: 5/5
  4779 | D:3      | Killed Natasha
  5397 | D:3      | Reached skill level 5 in Short Blades
  5397 | D:3      | Reached XP level 6. HP: 40/46 MP: 6/6
  5863 | D:3      | Killed skwerlee's ghost
  6398 | D:4      | Found Qaschya's Gadget Shoppe.
  6635 | D:4      | You fall through a shaft for 2 floors!
  6635 | D:6      | Found a staircase to the Ecumenical Temple.
  6638 | Temple   | Entered the Ecumenical Temple
  6861 | D:6      | Reached XP level 7. HP: 41/51 MP: 7/7
  6929 | D:7      | Got a jewelled ring mail
  6940 | D:7      | Identified the +4 ring mail of Peek-a-Boo {rElec SInv} (You found it on level 7 of the Dungeon)
  7168 | D:7      | Noticed a spriggan baker
  7202 | D:7      | Killed a spriggan baker
  7644 | D:6      | Reached XP level 8. HP: 57/57 MP: 8/8
  7656 | D:6      | Found a basalt altar of Yredelemnul.
  8279 | D:4      | Reached skill level 10 in Short Blades
  8384 | D:4      | Noticed Crazy Yiuf
  8388 | D:4      | Killed Crazy Yiuf
  8631 | D:5      | Reached skill level 1 in Shields
  8664 | D:5      | Reached skill level 5 in Dodging
  8866 | D:5      | Found a sparkling altar of Nemelex Xobeh.
  8866 | D:5      | Found a shattered altar of Ashenzari.
  8866 | D:5      | Found an ancient bone altar of Kikubaaqudgha.
  8867 | D:5      | Found a white marble altar of Elyvilon.
  8870 | D:5      | Found a glowing golden altar of the Shining One.
  9025 | D:5      | Noticed Dowan
  9026 | D:5      | Noticed Duvessa
  9027 | D:5      | Killed Dowan
  9028 | D:5      | Gained mutation: Armour fits poorly on your strangely shaped body. [potion of mutation]
  9028 | D:5      | Gained mutation: You have sharp toenails. [potion of mutation]
  9028 | D:5      | Gained mutation: You are frail. (-10% HP) [potion of mutation]
  9028 | D:5      | Gained mutation: You are agile. (Dex +2) [potion of mutation]
  9583 | D:5      | Killed Duvessa
  9583 | D:5      | Reached skill level 6 in Dodging
  9583 | D:5      | Reached XP level 9. HP: 53/58 MP: 9/9
  9942 | D:6      | Found Allingaps's Gadget Shop.
  9991 | D:6      | Noticed Menkaure
  9993 | D:6      | Killed Menkaure
 10229 | D:6      | Found a burning altar of Makhleb.
 10230 | D:6      | Found a radiant altar of Vehumet.
 10370 | D:7      | Reached skill level 7 in Dodging
 11066 | D:7      | Found a bloodstained altar of Trog.
 11121 | D:8      | Found a hide-covered altar of Uskayaw.
 11186 | D:8      | Found a basalt altar of Yredelemnul.
 11187 | D:8      | Found a hazy altar of Hepliaklqana.
 11223 | D:8      | Reached skill level 5 in Fighting
 11223 | D:8      | Reached skill level 8 in Dodging
 11718 | D:8      | Found a staircase to the Lair.
 11720 | D:8      | Noticed a komodo dragon
 11786 | D:8      | Killed a komodo dragon
 11786 | D:8      | Reached XP level 10. HP: 66/66 MP: 10/10
 11838 | D:8      | Noticed a two-headed ogre
 11862 | D:8      | Killed a two-headed ogre
 12210 | D:9      | Reached skill level 9 in Dodging
 12431 | D:9      | Found a shadowy altar of Dithmenos.
 12469 | D:9      | Reached skill level 10 in Stealth
 12473 | D:9      | Reached skill level 5 in Shields
 12554 | D:9      | Became a worshipper of Dithmenos the Shadowed
 12941 | D:9      | Noticed Maurice
 12971 | D:9      | Killed Maurice
 12971 | D:9      | Reached skill level 10 in Dodging
 13068 | D:10     | Entered Level 10 of the Dungeon
 13174 | Lair:1   | Entered Level 1 of the Lair of Beasts
 13240 | Lair:1   | Noticed a black mamba
 13251 | Lair:1   | Killed a black mamba
 13628 | Lair:1   | Noticed a black mamba
 13638 | Lair:1   | Killed a black mamba
 13638 | Lair:1   | Reached XP level 11. HP: 62/74 MP: 9/11
 13912 | Lair:1   | Found a shadowy altar of Dithmenos.
 13912 | Lair:1   | Noticed an oklob plant
 13926 | Lair:1   | Killed an oklob plant
 13972 | Lair:1   | Noticed Gastronok
 14000 | Lair:1   | Killed Gastronok
 14000 | Lair:1   | Reached skill level 11 in Dodging
 14748 | Lair:2   | Reached * piety under Dithmenos
 14778 | Lair:2   | Found a staircase to the Shoals.
 14837 | Lair:2   | Reached skill level 12 in Dodging
 14863 | Lair:2   | Found a hole to the Spider Nest.
 14863 | Lair:2   | Noticed an orb spider
 15711 | Lair:3   | Reached XP level 12. HP: 59/81 MP: 9/12
 15903 | Lair:3   | Noticed a five-headed hydra
 16032 | Lair:3   | Noticed an eight-headed hydra
 16193 | Lair:3   | Reached ** piety under Dithmenos
 16948 | Lair:4   | Noticed a seven-headed hydra
 16955 | Lair:4   | Killed a seven-headed hydra
 16977 | Lair:4   | Noticed a five-headed hydra
 17041 | Lair:3   | Reached skill level 1 in Armour
 17041 | Lair:3   | Reached skill level 13 in Dodging
 17544 | Lair:4   | Noticed Snorg
 17551 | Lair:4   | Killed Snorg
 17639 | Lair:4   | Killed a five-headed hydra
 17760 | Lair:4   | Found a shimmering altar of Xom.
 18053 | Lair:5   | Found a shimmering altar of Xom.
 18376 | Lair:5   | Noticed an ice dragon
 19091 | Lair:5   | Killed an ice dragon
 19091 | Lair:5   | Reached *** piety under Dithmenos
 19091 | Lair:5   | Reached XP level 13. HP: 54/89 MP: 8/13
 19497 | Lair:6   | Entered Level 6 of the Lair of Beasts
 19558 | Lair:6   | Found a staircase to the Slime Pits.
 19810 | Lair:6   | Reached skill level 14 in Dodging
 21234 | Lair:6   | Reached **** piety under Dithmenos
 22084 | Lair:6   | Reached skill level 15 in Stealth
 22288 | Lair:6   | Reached ***** piety under Dithmenos
 22294 | Lair:6   | Reached skill level 15 in Dodging
 22542 | Lair:6   | Got a clouded marble ring
 22543 | Lair:6   | Identified the ring of the Lizard {+Fly rC+++ Str-4 Int+8 Dex-2} (You found it on level 6 of the Lair of Beasts)
 23037 | Lair:6   | Reached XP level 14. HP: 97/97 MP: 14/14
 23432 | D:10     | Found a staircase to the Orcish Mines.
 23985 | D:10     | Reached skill level 1 in Invocations
 23992 | D:10     | Reached skill level 1 in Spellcasting
 24398 | Orc:1    | Entered Level 1 of the Orcish Mines
 24637 | Orc:2    | Entered Level 2 of the Orcish Mines
 24664 | Orc:1    | Reached skill level 5 in Armour
 24990 | Orc:1    | Reached ****** piety under Dithmenos
 24999 | Orc:2    | Noticed Donald
 25930 | Orc:1    | Noticed an orc warlord
 26056 | Orc:1    | Killed an orc warlord
 26363 | Orc:1    | Reached skill level 10 in Fighting
 26817 | Shoals:1 | Entered Level 1 of the Shoals
 26850 | Shoals:1 | Noticed Frances
 26870 | Shoals:1 | Killed Frances
 29212 | Lair:2   | Reached skill level 16 in Dodging
 29283 | Spider:1 | Entered Level 1 of the Spider Nest
 29283 | Spider:1 | Noticed an emperor scorpion
 29283 | Spider:1 | Noticed a ghost moth
 29284 | Spider:1 | Killed a ghost moth
 29286 | Spider:1 | Killed an emperor scorpion
 30781 | D:11     | Lost mutation: You are agile. (Dex +2) [potion of mutation]
 30781 | D:11     | Lost mutation: Armour fits poorly on your strangely shaped body. [potion of mutation]
 30781 | D:11     | Lost mutation: You are frail. (-10% HP) [potion of mutation]
 30781 | D:11     | Lost mutation: You have sharp toenails. [potion of mutation]
 30781 | D:11     | Gained mutation: Your spells are a little harder to cast, but a little more powerful. [potion of mutation]
 30870 | D:11     | Reached skill level 10 in Shields
 31233 | D:12     | Reached XP level 15. HP: 115/115 MP: 18/18
 31516 | D:12     | Found Cumiwesh's Weapon Emporium.
 32575 | Orc:2    | Found a roughly hewn altar of Beogh.
 32699 | Orc:2    | Noticed Azrael
 33978 | Lair:2   | Reached skill level 5 in Invocations
 37116 | Spider:1 | Noticed Josephine
 38421 | D:2      | Bought the cursed +0 helmet "Udweiluse" {Slay+3} for 2110 gold pieces
 38935 | Orc:1    | Killed Donald
 39424 | Spider:1 | Found a transporter.
 39450 | Spider:1 | Noticed Asterion
 39452 | Spider:1 | Killed Asterion
 39763 | Spider:1 | Found a transporter.
 40612 | Orc:2    | Found a staircase to the Elven Halls.
 40630 | Orc:2    | Found Komarr's Gadget Emporium.
 40630 | Orc:2    | Found Beerasche's Armour Shop.
 41459 | Spider:2 | Reached XP level 16. HP: 95/122 MP: 16/21
 42674 | Orc:2    | Killed Azrael
 43541 | Orc:2    | Found a roughly hewn altar of Beogh.
 43575 | Orc:2    | Found Erevoe's Distillery.
 43575 | Orc:2    | Found Migrapp's Gadget Shop.
 43592 | Orc:2    | Bought a potion of heal wounds for 75 gold pieces
 43592 | Orc:2    | Bought a potion of curing for 45 gold pieces
 43592 | Orc:2    | Bought a potion of curing for 45 gold pieces
 43592 | Orc:2    | Bought a potion of curing for 45 gold pieces
 44440 | Spider:2 | HP: 5/122 [entropy weaver (3)]
 45071 | Spider:2 | You fall through a shaft!
 45114 | Spider:4 | Entered Level 4 of the Spider Nest
 45119 | Spider:4 | HP: 4/122 [redback (13)]
 45121 | Spider:4 | Slain by a wolf spider

Vault maps used:
D:1:      minmay_arrival_up_and_down, minmay_misc_feat_rows
D:2:      nicolae_gozag_zags_fifth_avenue, first_ration
D:3:      uniq_natasha
D:4:      cheibrodos_sewer_entry_drain, serial_shops, nicolae_shop_statue_plus,
          minmay_snake_closets, uniq_crazy_yiuf_cottage
D:5:      minitemple, uniq_duvessa
D:6:      grunt_temple_overflow_lords_of_destruction,
          minmay_temple_entry_from_below_b, serial_shops, shop,
          yredelemnul_altar_generic, uniq_menkaure
D:7:      kennysheep_mini, the_bakery
D:8:      grunt_temple_overflow_open, lemuel_crystal_altar, david_lair_shrubbed
D:9:      nicolae_dithmenos_through_a_glass_darkly, serial_corexii_hall,
          corexii_hall_statues_s, corexii_hall_statues_i,
          corexii_hall_statues_u, uniq_maurice
D:10:     erik_orc_3, kennysheep_generic_room_3
D:11:     kennysheep_generic_room_12
D:12:     serial_shops, nicolae_shop_waterfront
D:13:     lightli_vaults_fourway_checkpoint
Temple:   jpeg_temple_island
Lair:1:   lemuel_oklob_altar, uniq_gastronok
Lair:2:   minmay_shoals_entry_hut, nicolae_spider_entry_orb_guardian,
          lemuel_old_faithful
Lair:3:   serial_forest, infiniplex_forest_straight_5,
          infiniplex_forest_zigzag_2, infiniplex_forest_end_1,
          infiniplex_forest_end_double, infiniplex_forest_clump_medium,
          infiniplex_forest_lined_4_way, infiniplex_forest_join,
          infiniplex_forest_end_2, wad_woods_01, infiniplex_staircase_pool
Lair:4:   basic_altar, minmay_lair_oklob_chamber, uniq_snorg
Lair:5:   basic_altar, bobbens_ice_dragon_lair, serial_bayou_shore_b,
          serial_bayou_shore_a, grunt_megastairs_4, lemuel_fruit_fields
Lair:6:   hangedman_lair_caniforms_friends, nicolae_slime_entry_slimehenge,
          st_stairs_4
Shoals:1: cheibrodos_shoals_three_sisters, uniq_frances
Spider:1: gammafunk_its_a_trap, uniq_josephine, uniq_asterion
Spider:3: zaba_anthell
Spider:4: spider_rune_water, portal_ice_cave_entry_ice_statue_two
Orc:2:    st_orc_town, basic_altar, elves_outpost_lemuel, uniq_azrael,
          uniq_donald

Skill      XL: |  1  2  3  4  5  6  7  8  9 10 11 12 13 14 15 16 |
---------------+-------------------------------------------------+-----
Fighting       | 2 3 5 6 7 8 9 10 | 10.1
Dodging        | 2 3 4 6 8 10 12 13 15 16 | 16.2
Short Blades   | 3 5 6 9 10 | 10.0
Shields        | 2 4 5 6 8 9 10 12 13 | 13.5
Stealth        | 6 8 10 12 13 15 | 15.1
Armour         | 2 4 6 8 |  8.0
Invocations    | 4 6 |  6.9
Spellcasting   | 2 |  2.0
Throwing       | |  1.5

Action                   |  1- 3 |  4- 6 |  7- 9 | 10-12 | 13-15 | 16-18 || total
-------------------------+-------+-------+-------+-------+-------+-------++-------
Melee: Dagger            |   105 |   197 |   371 |   680 |  2502 |   310 ||  4165
       Bite              |    11 |    11 |    44 |   107 |   331 |    40 ||   544
       Kick              |       |       |    66 |   260 |   239 |       ||   565
 Fire: Blowgun           |       |       |       |       |     1 |       ||     1
Throw: Stone             |       |     8 |       |       |    87 |       ||    95
       Tomahawk          |       |       |    17 |     7 |    15 |       ||    39
Invok: Shadow Step       |       |       |       |       |     7 |       ||     7
 Abil: End Transformatio |       |       |       |     1 |     2 |     1 ||     4
       Bat Form          |       |       |       |     1 |     2 |     1 ||     4
Evoke: Wand              |       |       |       |     4 |    14 |       ||    18
  Use: Scroll            |     2 |     5 |     5 |    16 |    14 |     2 ||    44
       Potion            |       |     8 |     8 |     6 |    35 |     6 ||    63
 Stab: Sleeping          |    18 |    12 |    30 |    19 |    96 |     8 ||   183
       Distracted        |       |     2 |     4 |     5 |    13 |     6 ||    30
       Paralysed         |       |       |       |     1 |     1 |       ||     2
       Held in net/web   |       |       |       |       |     2 |       ||     2
  Eat: Corpse            |     3 |     3 |     9 |    13 |    23 |     5 ||    56
Armor: Robe              |    17 |    18 |       |       |       |       ||    35
       Ring mail         |       |       |    77 |    61 |   307 |    72 ||   517
Dodge: Dodged            |    58 |   105 |   113 |   304 |  1664 |   324 ||  2568
Block: Shield            |       |    11 |   103 |   174 |  1132 |   225 ||  1645

Table legend:
 A = Spawn XP
 B = Non-spawn XP
 C = Spawn XP percentage of total XP
 D = Spawn monster count
 E = Non-spawn monster count
 F = Spawn count percentage of total count
 G = Total turns spent on level
                    A         B        C        D         E        F      G
               +---------+---------+-------+---------+---------+-------+---------
         Total |       0 |  170254 |   0.0 |       0 |     897 |   0.0 | 45121
               +---------+---------+-------+---------+---------+-------+---------
           D:1 |       0 |      37 |   0.0 |       0 |      25 |   0.0 |  1116
           D:2 |       0 |      91 |   0.0 |       0 |      24 |   0.0 |  2143
           D:3 |       0 |     351 |   0.0 |       0 |      25 |   0.0 |  2961
           D:4 |       0 |     514 |   0.0 |       0 |      34 |   0.0 |  1232
           D:5 |       0 |    1165 |   0.0 |       0 |      32 |   0.0 |  1439
           D:6 |       0 |    1075 |   0.0 |       0 |      26 |   0.0 |  1205
           D:7 |       0 |    1067 |   0.0 |       0 |      16 |   0.0 |  1234
           D:8 |       0 |    2402 |   0.0 |       0 |      14 |   0.0 |  1358
           D:9 |       0 |    3104 |   0.0 |       0 |      24 |   0.0 |  1013
          D:10 |       0 |    5437 |   0.0 |       0 |      74 |   0.0 |  1801
          D:11 |       0 |    6061 |   0.0 |       0 |      58 |   0.0 |   910
          D:12 |       0 |    4359 |   0.0 |       0 |      37 |   0.0 |  1255
          D:13 |       0 |    8613 |   0.0 |       0 |      35 |   0.0 |   565
        Lair:1 |       0 |    8141 |   0.0 |       0 |      22 |   0.0 |  2516
        Lair:2 |       0 |   14496 |   0.0 |       0 |      48 |   0.0 |  5613
        Lair:3 |       0 |    7785 |   0.0 |       0 |      36 |   0.0 |  1543
        Lair:4 |       0 |    4879 |   0.0 |       0 |       9 |   0.0 |  2664
        Lair:5 |       0 |   12481 |   0.0 |       0 |      35 |   0.0 |  1787
        Lair:6 |       0 |   19531 |   0.0 |       0 |      93 |   0.0 |  3024
      Shoals:1 |       0 |    6623 |   0.0 |       0 |      10 |   0.0 |   291
      Spider:1 |       0 |   14322 |   0.0 |       0 |      24 |   0.0 |  2436
      Spider:2 |       0 |   23548 |   0.0 |       0 |      59 |   0.0 |  1934
      Spider:3 |       0 |     353 |   0.0 |       0 |       2 |   0.0 |    45
      Spider:4 |       0 |     277 |   0.0 |       0 |       1 |   0.0 |     7
         Orc:1 |       0 |   14429 |   0.0 |       0 |      72 |   0.0 |  3279
         Orc:2 |       0 |    9113 |   0.0 |       0 |      62 |   0.0 |  1565
               +---------+---------+-------+---------+---------+-------+---------
